 Dungeon Crawl Stone Soup version 0.16.1-51-g6203257 (webtiles) character file.

10227 maniek23 the Covert (level 11, -11/70 HPs)
             Began as a Vampire Enchanter on July 29, 2015.
             Mangled by an eight-headed hydra (14 damage)
             ... on level 12 of the Dungeon.
             The game lasted 00:52:33 (11801 turns).

maniek23 the Covert (Vampire Enchanter)            Turns: 11801, Time: 00:52:34

Health: -11/70     AC:  3    Str:  8    XL:     11   Next: 33%
Magic:  8/34       EV: 18    Int: 17    God:
Gold:   677        SH:  0    Dex: 16    Spells: 5 memorised, 10 levels left

rFire  . . .     SeeInvis +     O - +1 dagger (elec)
rCold  . . .     Clarity  .     U - +0 robe (curse)
rNeg   + . .     SustAb   .     (no shield)
rPois  .         Gourm    .     (no helmet)
rElec  .         Spirit   .     R - +0 cloak
rCorr  .         Warding  .     (no gloves)
rMut   .         Stasis   .     (no boots)
MR     ++...                    D - amulet of faith
Stlth  +++++++...               o - ring of protection from magic
                                k - ring of magical power

@: very resistant to hostile enchantments, extremely stealthy
A: bottle blood, fangs 3, see invisible, unbreathing
a: Bat Form


You were on level 12 of the Dungeon.
You were not thirsty.

You visited 1 branch of the dungeon, and saw 12 of its levels.

You collected 705 gold pieces.
You spent 28 gold pieces at shops.

Inventory:

Hand weapons
 a - a +1 dagger
 f - a -3 dagger
 O - a +1 dagger of electrocution (weapon)
 P - a +0 dagger of electrocution
Armour
 b - a +1 robe
 v - a +0 leather armour
 Q - a cursed +0 scale mail
 R - a +0 cloak (worn)
 U - a cursed +0 robe (worn)
Jewellery
 k - a ring of magical power (left hand)
 o - a ring of protection from magic (right hand)
 D - an amulet of faith (around neck)
 H - an uncursed ring of see invisible
 L - an uncursed amulet of resist mutation
 W - a +5 ring of protection {unknown}
Magical devices
 r - a wand of random effects (11)
 x - a wand of cold (3)
 B - a wand of lightning (5)
 J - a wand of polymorph (13)
 V - a wand of draining (3)
Scrolls
 e - 5 scrolls of teleportation
 g - 5 scrolls of identify
 h - 6 scrolls of remove curse
 i - 2 scrolls of immolation
 m - 3 scrolls of amnesia
 n - 2 scrolls of blinking
 s - 3 scrolls of enchant weapon
 u - 3 scrolls of fog {unknown}
 w - 2 scrolls of magic mapping {unknown}
 y - 2 scrolls of fear
 K - a scroll of noise {unknown}
 N - a scroll of random uselessness {unknown}
 S - a scroll of holy word {unknown}
 X - a scroll of enchant armour {unknown}
Potions
 d - 8 potions of blood
 j - a potion of curing
 l - 2 potions of magic
 p - 2 potions of haste
 t - 2 potions of restore abilities {unknown}
 z - a potion of might
 A - a potion of mutation {unknown}
 F - 2 potions of lignification {unknown}
 G - a potion of beneficial mutation {unknown}
 I - a potion of berserk rage {unknown}
 M - a potion of brilliance {unknown}
 T - a potion of invisibility
Books
 c - a book of Maledictions

   Spells                             Type                      Level
   a - Corona                         Hexes                        1
   b - Sure Blade                     Hexes/Charms                 2
   c - Ensorcelled Hibernation        Hexes/Ice                    2
   d - Confuse                        Hexes                        3
   e - Dazzling Spray                 Conjuration/Hexes            3
   f - Enslavement                    Hexes                        4
 q - a book of Battle

   Spells                             Type                      Level
   a - Infusion                       Charms                       1
   b - Shroud of Golubria             Charms/Translocation         2
   c - Song of Slaying                Charms                       2
   d - Spectral Weapon                Hexes/Charms                 3
   e - Regeneration                   Charms/Necromancy            3
 C - a book of Callings

   Spells                             Type                      Level
   a - Summon Small Mammal            Summoning                    1
   b - Call Imp                       Summoning                    2
   c - Call Canine Familiar           Summoning                    3
   d - Summon Guardian Golem          Hexes/Summoning              4
   e - Summon Lightning Spire         Summoning/Air                4
   f - Summon Ice Beast               Ice/Summoning                4
 E - a Fen Folio

   Spells                             Type                      Level
   a - Corpse Rot                     Necromancy                   2
   b - Stone Arrow                    Conjuration/Earth            3
   c - Leda's Liquefaction            Hexes/Earth                  4
   d - Summon Forest                  Summoning/Translocation      5
   e - Hydra Form                     Transmutation                6
   f - Summon Hydra                   Summoning                    7


   Skills:
 - Level 1.0 Fighting
 * Level 7.1 Short Blades
 * Level 8.5 Dodging
 + Level 14.6 Stealth
 + Level 6.8 Spellcasting
 + Level 1.0 Conjurations
 + Level 11.2 Hexes
 + Level 4.6 Ice Magic


You had 10 spell levels left.
You knew the following spells:

 Your Spells              Type           Power        Failure   Level  Hunger
a - Corona                Hex            #####..      1%          1    None
b - Ensorcelled Hibernat  Hex/Ice        ####..       1%          2    None
c - Confuse               Hex            #####...     1%          3    ##.....
d - Dazzling Spray        Conj/Hex       ####....     3%          3    ##.....
e - Enslavement           Hex            #####...     1%          4    ####...


Dungeon Overview and Level Annotations

Branches:
Dungeon (12/15)            Temple (0/1) D:4            Lair (0/8) D:11
    Orc (0/4) D:11

Altars:
Gozag
The Shining One
Beogh

Shops:
D:6 %   D:9 *


Innate Abilities, Weirdness & Mutations

You can bottle blood from corpses.
You have razor-sharp teeth.
You have supernaturally acute eyesight.
You can survive without breathing.


Message History

The wyvern bites you!
You hit the wyvern.
The wyvern is almost dead.
You catch the helpless wyvern completely off-guard!
You impale the wyvern!!
There is a sudden explosion of sparks!
You kill the wyvern!
Casting: Confuse
Confirm with . or Enter, or press ? or * to list all spells.
Aiming: Confuse
Press: ? - help, Shift-Dir - straight line, f - eight-headed hydra
Aim: an eight-headed hydra (severely wounded, chance 34%)
The eight-headed hydra easily resists.
The eight-headed hydra closely misses you. x3
The eight-headed hydra bites you! x2
* * * LOW HITPOINT WARNING * * *
The eight-headed hydra barely misses you.
The eight-headed hydra bites you!
* * * LOW HITPOINT WARNING * * *
The eight-headed hydra bites you!
You die...

#.# #####.######.# ##### #.#
#..# #.# ....###.# #..# #.##
.C......# ##.#######..#
.#......# #...........#
.#......### ##.######..##
.####.....####### #.##
....#...).#..†########.##.####
....####).....†D@..............
C#.D.5.#..)...########.#######
.#.....####.....## #.#
.####z.c. #......# #.# .. ....
####...# #.# .. ## ##..# #.# .#
....# #.# .# ........# $
##...##.


You could see an eight-headed hydra.

Vanquished Creatures
  Nergalle (D:12)
  An unseen horror (D:12)
  A gargoyle (D:9)
  A troll (D:9)
  The ghost of Vojta the Vexing, an average FoAM (D:8)
  A deep elf mage (D:10)
  A spriggan (D:11)
  9 yaks
  2 hippogriffs
  2 steam dragons (D:5)
  A hungry ghost (D:9)
  A water moccasin (D:8)
  Edmund (D:4)
  A wyvern (D:12)
  4 orc warriors
  A wasp (D:7)
  3 phantoms
  3 black bears
  A centaur (D:8)
  2 sky beasts
  4 ogres
  4 ice beasts
  A crocodile (D:10)
  Sigmund (D:4)
  2 big kobolds
  6 giant frogs
  A gnoll sergeant (D:8)
  A wyvern skeleton (D:9)
  2 scorpions
  16 killer bees
  4 crimson imps
  A centaur zombie (D:8)
  A centaur skeleton (D:10)
  12 hounds
  2 giant frog zombies (D:7)
  A wasp zombie (D:6)
  6 orc priests
  2 iguanas (D:9)
  5 jellies
  2 gnoll shamans (D:8)
  2 giant frog skeletons
  12 orc wizards
  7 worker ants
  Ijyb (D:4)
  A hound zombie (D:6)
  A worker ant zombie (D:8)
  A hound skeleton (D:11)
  7 gnolls (D:8)
  9 adders
  A giant mite (D:4)
  3 shadow imps
  3 giant geckos
  An ooze (D:7)
  43 orcs
  13 bats
  A bat skeleton (D:5)
  2 bat zombies
  6 giant cockroaches
  14 goblins
  14 hobgoblins
  18 jackals
  3 quokkas
  7 giant newts
  7 giant spores
  24 kobolds
  2 orc zombies (D:9)
  19 rats
  11 ballistomycetes
345 creatures vanquished.

Vanquished Creatures (collateral kills)
  2 orc warriors (D:11)
  A killer bee (D:8)
  An orc priest (D:11)
  5 orcs (D:11)
9 creatures vanquished.

Vanquished Creatures (others)
  A hill giant (D:12)
  An orc warrior (D:11)
  A wight (D:12)
  An orc (D:9)
  3 giant spores
  5 plants (D:8)
12 creatures vanquished.

Grand Total: 366 creatures vanquished

Notes
Turn   | Place    | Note
--------------------------------------------------------------
     0 | D:1      | maniek23, the Vampire Enchanter, began the quest for the Orb.
     0 | D:1      | Reached XP level 1. HP: 13/13 MP: 3/3
   276 | D:1      | Reached XP level 2. HP: 13/19 MP: 4/4
   503 | D:1      | Reached skill level 5 in Hexes
   823 | D:1      | Learned a level 2 spell: Ensorcelled Hibernation
   927 | D:1      | Reached skill level 5 in Stealth
  1223 | D:1      | Reached XP level 3. HP: 24/24 MP: 6/6
  1614 | D:3      | Reached XP level 4. HP: 27/30 MP: 5/7
  2474 | D:3      | Noticed an ice beast
  2484 | D:3      | Learned a level 3 spell: Confuse
  2503 | D:3      | Killed an ice beast
  2503 | D:3      | Reached skill level 6 in Stealth
  2503 | D:3      | Reached skill level 1 in Ice Magic
  2503 | D:3      | Reached XP level 5. HP: 34/36 MP: 9/9
  2650 | D:4      | Noticed Ijyb
  2658 | D:4      | Killed Ijyb
  2768 | D:4      | Reached XP level 6. HP: 42/42 MP: 13/13
  2772 | D:4      | Found a staircase to the Ecumenical Temple.
  2945 | D:4      | Noticed Edmund
  2982 | D:4      | Noticed Sigmund
  2983 | D:4      | Killed Edmund
  2983 | D:4      | Reached skill level 7 in Stealth
  2992 | D:4      | Killed Sigmund
  3025 | D:4      | Noticed an ogre
  3032 | D:4      | Killed an ogre
  3032 | D:4      | Reached skill level 1 in Fighting
  3032 | D:4      | Reached XP level 7. HP: 42/48 MP: 15/15
  3238 | D:4      | Noticed a phantom
  3288 | D:4      | Killed a phantom
  3288 | D:4      | Reached skill level 8 in Stealth
  3436 | D:4      | Learned a level 3 spell: Dazzling Spray
  3517 | D:4      | Noticed an ogre
  3523 | D:4      | Killed an ogre
  3599 | D:5      | Entered Level 5 of the Dungeon
  3822 | D:5      | Reached XP level 8. HP: 54/54 MP: 18/18
  4132 | D:5      | Reached skill level 5 in Dodging
  4132 | D:5      | Reached skill level 9 in Stealth
  4688 | D:6      | Reached skill level 10 in Stealth
  5010 | D:6      | Found Tiukay's Food Emporium.
  5309 | D:7      | Reached skill level 11 in Stealth
  5325 | D:7      | Reached XP level 9. HP: 59/59 MP: 20/20
  5600 | D:7      | Reached skill level 12 in Stealth
  5951 | D:7      | Found an opulent altar of Gozag.
  6300 | D:8      | Reached skill level 5 in Spellcasting
  7180 | D:8      | You fall through a shaft for 2 floors!
  7180 | D:10     | Entered Level 10 of the Dungeon
  7771 | D:9      | Reached skill level 13 in Stealth
  7771 | D:9      | Reached XP level 10. HP: 65/65 MP: 23/23
  7855 | D:9      | Found Threik's General Store.
  7860 | D:9      | Bought a scroll of identify for 28 gold pieces
  7931 | D:9      | Reached skill level 5 in Short Blades
  8454 | D:9      | Reached skill level 10 in Hexes
  8761 | D:9      | Noticed a gargoyle
  8763 | D:9      | Killed a gargoyle
  9226 | D:8      | Noticed Vojta's ghost (average FoAM)
  9246 | D:8      | Killed Vojta's ghost
  9246 | D:8      | Reached skill level 1 in Conjurations
  9725 | D:10     | Reached skill level 14 in Stealth
 10385 | D:11     | Found a roughly hewn altar of Beogh.
 10662 | D:11     | Learned a level 4 spell: Enslavement
 10684 | D:11     | Reached XP level 11. HP: 29/70 MP: 18/25
 10691 | D:11     | Found a staircase to the Orcish Mines.
 11270 | D:11     | Found a glowing golden altar of the Shining One.
 11424 | D:11     | Found a staircase to the Lair.
 11729 | D:12     | Noticed Nergalle
 11739 | D:12     | Killed Nergalle
 11751 | D:12     | Noticed an unseen horror
 11751 | D:12     | Noticed a hill giant
 11752 | D:12     | Noticed an eight-headed hydra
 11755 | D:12     | Noticed a centaur warrior
 11755 | D:12     | Noticed an ice dragon
 11757 | D:12     | Killed an unseen horror
 11785 | D:12     | a hill giant (ally) was killed
 11801 | D:12     | HP: 3/70 [eight-headed hydra (15)]
 11801 | D:12     | Mangled by an eight-headed hydra

Action                   |  1- 3 |  4- 6 |  7- 9 | 10-12 || total
-------------------------+-------+-------+-------+-------++-------
Melee: Dagger            |   137 |   164 |   442 |   269 ||  1012
 Cast: Ensorcelled Hiber |     6 |    29 |    64 |    71 ||   170
       Corona            |     1 |     4 |     1 |       ||     6
       Confuse           |       |     4 |    41 |    27 ||    72
       Dazzling Spray    |       |       |    25 |    15 ||    40
       Enslavement       |       |       |       |     6 ||     6
 Abil: End Transformatio |     1 |       |     1 |     3 ||     5
       Bat Form          |     1 |       |     1 |     3 ||     5
  Use: Potion            |       |     1 |     6 |     5 ||    12
       Scroll            |       |       |    11 |       ||    11
 Stab: Sleeping          |    10 |    22 |    72 |    47 ||   151
       Confused          |       |     5 |    18 |    15 ||    38
       Invisible         |       |       |     4 |     1 ||     5
       Distracted        |       |       |     1 |       ||     1
  Eat: Corpse            |     5 |     4 |     9 |     9 ||    27
